 Dungeon Crawl Stone Soup version 0.17.0-73-gb648821 (webtiles) character file.

231 JokEr the Shield-Bearer (level 6, -7/38 HPs)
             Began as a Gargoyle Fighter on Dec 9, 2015.
             Killed by divine providence
             ... invoked by an orc priest
              (11 damage)
             ... on level 4 of the Dungeon.
             The game lasted 00:07:30 (2351 turns).

JokEr the Shield-Bearer (Gargoyle Fighter)          Turns: 2351, Time: 00:07:31

Health: -7/38      AC: 12    Str: 21    XL:     6   Next: 4%
Magic:  6/6        EV:  8    Int:  9    God:
Gold:   196        SH:  9    Dex:  9    Spells: 0 memorised, 5 levels left

rFire  . . .     SeeInvis .     a - +0 flail
rCold  . . .     Clarity  .     b - +1 scale mail
rNeg   + . .     SustAt   .     c - +0 shield
rPois  ∞         Gourm    .     (no helmet)
rElec  +         Spirit   .     (no cloak)
rCorr  .         Warding  .     (no gloves)
rMut   .         Stasis   .     (no boots)
MR     .....                    (no amulet)
Stlth  ..........               (no ring)
                                (no ring)

@: not resistant to hostile enchantments, extremely unstealthy
A: negative energy resistance 1, electricity resistance, unbreathing,
petrification resistance, rot immunity, AC +4
a: no special abilities


You were on level 4 of the Dungeon.
You were not hungry.

You visited 1 branch of the dungeon, and saw 4 of its levels.

You collected 196 gold pieces.

Inventory:

Hand Weapons
 a - a +0 flail (weapon)
 y - a +0 spear
Armour
 b - a +1 scale mail (worn)
 c - a +0 shield (worn)
Jewellery
 k - an uncursed ring of positive energy {unknown}
 m - an uncursed ring of positive energy {unknown}
 v - an uncursed ring of positive energy {unknown}
 z - a +6 ring of strength {unknown}
Wands
 x - a wand of slowing (28)
Scrolls
 p - 2 scrolls of identify
 r - 3 scrolls of remove curse
 s - a scroll of magic mapping
 A - a scroll of amnesia
Potions
 d - a potion of might
 h - a potion of magic {unknown}
 i - a potion of heal wounds {unknown}
 j - a potion of haste {unknown}
 l - a potion of invisibility {unknown}
 n - a potion of curing {unknown}
 o - a potion of poison {unknown}
 q - a potion of berserk rage {unknown}
 u - a potion of flight {unknown}
 B - a potion of lignification {unknown}
Comestibles
 e - 3 bread rations
 f - 11 fruits
 g - a beef jerky
 t - 2 meat rations
 w - 2 slices of pizza


   Skills:
 + Level 4.1 Fighting
 + Level 2.5 Maces & Flails
 + Level 0.1 Polearms
 + Level 4.1 Armour
 + Level 2.4 Dodging
 + Level 0.2 Stealth
 + Level 4.5 Shields


You had 5 spell levels left.
You didn't know any spells.

Dungeon Overview and Level Annotations

Branches:
Dungeon (4/15)
 Temple: D:4-7

Altars:
Cheibriados
Gozag
Nemelex Xobeh
Trog

Portals:
Sewer: D:3


Innate Abilities, Weirdness & Mutations

You are resistant to torment.
Your stone body is resilient (AC +4).
You are immune to poison.
You resist negative energy.
You are resistant to electric shocks.
You can survive without breathing.
You are immune to petrification.
You are immune to rotting.


Message History

You have reached level 6!
Your experience leads to an increase in your attributes!
Increase (S)trength, (I)ntelligence, or (D)exterity?
You feel stronger.
The orc wizard points at you and mumbles some strange words.
The magic dart hits you!
* * * LOW HITPOINT WARNING * * *
The orc completely misses you. You block the orc priest's attack.
The orc wizard mumbles some strange words.
The orc wizard blinks!
Drink which item? (? for menu, Esc to quit)
Okay, then.
Read which item? (? for menu, Esc to quit)
Okay, then.
You hit the orc but do no damage.
The orc wizard gestures wildly while chanting.
The orc wizard seems to speed up.
The orc priest calls down the wrath of Beogh upon you.
Something smites you!
You die...

###.. ... .....
). ...... ..
......##.
......#..
.....o.?####.#
#.....oo....#
#o# #@### ###
#...##### ..#
.#######........
#.#
...........#####
####.#
.#######..##
..#.# .# #..#
#.#.# .# #..#
##.#.#..#
#####..#####
##.#..#..#
#............


You could see an orc priest, 2 orc wizards and an orc.

Vanquished Creatures
  A scorpion (D:4)
  A worker ant (D:4)
  10 adders
  2 worms (D:3)
  A giant gecko (D:1)
  2 orcs
  5 giant cockroaches
  9 hobgoblins
  2 jackals (D:2)
  6 kobolds
  A quokka (D:2)
  12 bats
  2 giant newts (D:3)
  3 goblins
  3 rats
60 creatures vanquished.

Notes
Turn   | Place    | Note
--------------------------------------------------------------
     0 | D:1      | JokEr the Gargoyle Fighter began the quest for the Orb.
     0 | D:1      | Reached XP level 1. HP: 14/14 MP: 1/1
   137 | D:1      | Reached XP level 2. HP: 19/19 MP: 2/2
   749 | D:2      | Reached XP level 3. HP: 24/24 MP: 3/3
   825 | D:2      | Found a bloodstained altar of Trog.
   827 | D:2      | Found an opulent altar of Gozag.
   868 | D:2      | Reached skill level 1 in Dodging
   905 | D:2      | Reached skill level 4 in Shields
   905 | D:2      | Reached XP level 4. HP: 25/29 MP: 4/4
  1537 | D:2      | Found a snail-covered altar of Cheibriados.
  1673 | D:3      | Found a glowing drain.
  1815 | D:3      | Reached XP level 5. HP: 33/33 MP: 5/5
  1993 | D:3      | Found a sparkling altar of Nemelex Xobeh.
  2267 | D:3      | You fall through a shaft!
  2349 | D:4      | Reached XP level 6. HP: 11/38 MP: 6/6
  2351 | D:4      | Killed from afar by an orc priest

Action                   |  1- 3 |  4- 6 || total
-------------------------+-------+-------++-------
Melee: Flail             |   106 |   116 ||   222
       Spear             |       |    23 ||    23
  Use: Scroll            |       |     7 ||     7
  Eat: Bread ration      |       |     2 ||     2
